 Dungeon Crawl Stone Soup version 0.20-a0-513-g02c11fc (webtiles) character file.

620 M4edhros the Covert (level 7, 0/45 HPs)
             Began as an Octopode Artificer on Jan 23, 2017.
             Was a Believer of Fedhas.
             Succumbed to poison (poison gas)
             ... on level 4 of the Dungeon.
             The game lasted 00:09:19 (8261 turns).

M4edhros the Covert (Octopode Artificer)            Turns: 8261, Time: 00:09:19

Health: 0/45       AC:  1    Str: 17    XL:     7   Next: 46%
Magic:  9/9        EV: 12    Int: 13    God:    Fedhas [**....]
Gold:   263        SH: 12    Dex: 15    Spells: 6/6 levels left

rFire    . . .     SeeInvis +   n - +6 hunting sling of the Solstice {freeze, Str+6 Stlth+}
rCold    . . .     Gourm    .   D - +3 shield
rNeg     . . .     Faith    .   (helmet restricted)
rPois    .         Spirit   .   y - amulet of rage
rElec    .         Reflect  .   (no ring)
rCorr    .         Harm     .   (no ring)
MR       .....                  (no ring)
Stlth    ++++++....             (no ring)
Regen    0.2/turn               (no ring)
                                (no ring)
                                (no ring)
                                (no ring)

@: lethally poisoned (0 -> -59)
A: almost no armour, stealthy swim, amphibious, 8 rings, constrict 8, camouflage
1, see invisible, gelatinous body 1
a: Fungal Bloom, Evolution, Sunlight, Renounce Religion, Evoke Berserk Rage


You were on level 4 of the Dungeon.
You worshipped Fedhas.
Fedhas was pleased with you.
You were very hungry.

You visited 2 branches of the dungeon, and saw 6 of its levels.

You collected 305 gold pieces.
You spent 42 gold pieces at shops.

Inventory:

Hand Weapons
 a - a +0 short sword
 m - a +0 blowgun
 n - the +6 hunting sling of the Solstice (weapon) {freeze, Str+6 Stlth+}
   (You found it on level 4 of the Dungeon)

   It causes projectiles fired from it to freeze those they strike, causing
   extra injury to most foes and up to half again as much damage against
   particularly susceptible opponents.
   They can also slow down cold-blooded creatures.
   It affects your strength (+6).
   It makes you more stealthy.
 p - a +0 trident
 r - a +0 halberd of protection
 I - a +0 mace
Missiles
 q - 35 poisoned needles
 v - 151 stones (quivered)
Armour
 j - a +0 buckler
 D - a +3 shield (worn)
Jewellery
 y - an amulet of rage (around mantle)
Wands
 b - a wand of flame (12/48)
 c - a wand of enslavement (11/24)
 d - a wand of random effects (9/48)
 w - a wand of random effects (25/48)
 x - a wand of iceblast (13/15)
Scrolls
 i - a scroll of immolation
 l - 6 scrolls of teleportation
 o - a scroll of amnesia
 t - 2 scrolls of fear
 A - a scroll of recharging
 B - 2 scrolls of identify
 F - a scroll of magic mapping {unknown}
 G - 2 scrolls of fog
Potions
 e - 3 potions of heal wounds
 h - a potion of haste {unknown}
 k - 6 potions of brilliance
 s - 2 potions of berserk rage
 u - a potion of degeneration {unknown}
 C - a potion of agility {unknown}
 H - a potion of lignification {unknown}
Books
 E - a book of Minor Magic

   Spells                             Type                      Level
   a - Magic Dart                     Conjuration                  1
   b - Blink                          Translocation                2
   c - Call Imp                       Summoning                    2
   d - Repel Missiles                 Charms/Air                   2
   e - Slow                           Hexes                        2
   f - Conjure Flame                  Conjuration/Fire             3
   g - Mephitic Cloud                 Conjuration/Poison/Air       3
Comestibles
 f - 3 meat rations
 g - 8 fruits
 z - 2 bread rations


   Skills:
 + Level 2.4 Fighting
 - Level 1.0 Short Blades
 * Level 3.4 Dodging
 + Level 9.0 Stealth
 * Level 2.4 Shields
 - Level 3.2 Evocations


You had 6 spell levels left.
You didn't know any spells.

Dungeon Overview and Level Annotations

Branches:
Dungeon (5/15)             Temple (1/1) D:5

Altars:
Ashenzari
Cheibriados
Dithmenos
Fedhas
Gozag
Hepliaklqana
Kikubaaqudgha
Makhleb
Nemelex Xobeh
Okawaru
Qazlal
Ru
Trog
Vehumet
Xom
Yredelemnul
Zin
The Shining One

Shops:
D:4 ?


Innate Abilities, Weirdness & Mutations

You cannot wear most types of armour.
You are very stealthy in the water. (Stealth+)
You are amphibious.
You can wear up to eight rings at the same time.
You can use your tentacles to constrict eight enemies at once.
Your skin changes colour to match your surroundings (Stealth+).
Your rubbery body absorbs attacks. (AC +1, EV +1)
You have supernaturally acute eyesight. (SInv)


Message History

Xom's attention turns to you for a moment.
Venomous gases pour from your tentacles!
You are engulfed in poison gas.
You are poisoned.
You feel sick.
Things that are here:
an enchanted hand axe; an orc corpse
Okay, then.
You swap places.
You are engulfed in poison gas.
You are lethally poisoned!
* * * LOW HITPOINT WARNING * * *
x2 You feel sick.
You feel much better.
You are engulfed in poison gas.
You are lethally poisoned!
You feel very sick.
You are engulfed in poison gas.
You are more poisoned.
* * * LOW HITPOINT WARNING * * *
You die...
Fedhas appreciates your contribution to the ecosystem.

....##......# ..#
.##.##......# ...
............# #(#
....(.......# #§#
###.........# #§#
....#########
###§# ....# #)f§#
##### #§###
######### #@#
#.......# #.#
#.#####.########.#
#.#####..........#
.....(..##########
#.#####.#
..#####.#
........#
.########


You could see a friendly wandering mushroom.

Vanquished Creatures
  A centaur (D:5)
  A howler monkey (D:4)
  A crimson imp (D:5)
  A hound (D:4)
  A jelly (D:5)
  Crazy Yiuf (D:3)
  2 orc wizards (D:4)
  2 worker ants (D:4)
  3 hound skeletons (D:4)
  7 adders
  4 gnolls
  An adder skeleton (D:5)
  2 worms (D:3)
  A dart slug (D:2)
  3 leopard geckos
  17 orcs
  9 bats
  7 giant cockroaches
  8 goblins
  12 hobgoblins
  10 jackals
  2 quokkas
  2 ball pythons
  4 frilled lizards
  9 kobolds
  8 rats
119 creatures vanquished.

Vanquished Creatures (collateral kills)
  A leopard gecko (D:4)
1 creature vanquished.

Vanquished Creatures (others)
  69 toadstools
69 creatures vanquished.

Grand Total: 189 creatures vanquished

Notes
Turn   | Place    | Note
-------+----------+-------------------------------------------
     0 | D:1      | M4edhros the Octopode Artificer began the quest for the Orb.
     0 | D:1      | Reached XP level 1. HP: 13/13 MP: 3/3
    59 | D:1      | Reached skill level 2 in Stealth
   223 | D:1      | Reached XP level 2. HP: 16/18 MP: 4/4
   228 | D:1      | Reached skill level 3 in Stealth
   445 | D:2      | Found a radiant altar of Vehumet.
   525 | D:2      | Found a shattered altar of Ashenzari.
   525 | D:2      | Found a shimmering altar of Xom.
   525 | D:2      | Found a stormy altar of Qazlal.
   548 | D:2      | Became a worshipper of Xom of Chaos
   595 | D:3      | Reached skill level 4 in Stealth
   597 | D:3      | Reached XP level 3. HP: 12/23 MP: 5/5
   598 | D:3      | XOM: divination: detect creatures
   618 | D:3      | Found a sacrificial altar of Ru.
   781 | D:3      | XOM: harmless Hex miscast
   846 | D:4      | XOM is BORED!
   846 | D:4      | XOM: summons 3 hostile shadow creatures
   847 | D:4      | XOM: butterfly on damage
   859 | D:3      | XOM: divination: detect creatures
  1183 | D:4      | Found Huironin's Magic Scroll Shop.
  1191 | D:4      | Reached skill level 5 in Stealth
  1191 | D:4      | Reached XP level 4. HP: 17/28 MP: 6/6
  1206 | D:4      | Bought a scroll of fear for 42 gold pieces
  1278 | D:4      | Reached skill level 6 in Stealth
  1299 | D:4      | XOM: scenery: 1 doors close
  1597 | D:4      | Reached skill level 7 in Stealth
  1597 | D:4      | Reached XP level 5. HP: 24/33 MP: 7/7
  1680 | D:5      | Entered Level 5 of the Dungeon
  1735 | D:5      | Noticed a centaur
  1749 | D:5      | Killed a centaur
  1749 | D:5      | Reached skill level 8 in Stealth
  1807 | D:5      | Reached XP level 6. HP: 26/38 MP: 8/8
  1881 | D:5      | Found a sparkling altar of Nemelex Xobeh.
  1939 | D:5      | XOM: god gift: runed jade amulet {god gift}
  2029 | D:5      | Found a staircase to the Ecumenical Temple.
  2243 | Temple   | Entered the Ecumenical Temple
  2439 | Temple   | XOM: 4-stop teleportation journey
  2681 | Temple   | XOM: give mutation
  2681 | Temple   | Gained mutation: You have supernaturally acute eyesight. (SInv) [Xom's grace]
  2755 | Temple   | XOM: god gift: ruby potion {god gift}
  2929 | Temple   | XOM is BORED!
  2929 | Temple   | XOM: draining
  3186 | Temple   | XOM: 4-stop teleportation journey
  3332 | Temple   | XOM: god gift: 3 meat rations
  4306 | Temple   | XOM: 4-stop teleportation journey
  4574 | Temple   | XOM: god gift: 2 coppery potions {god gift}
  4891 | Temple   | XOM: 2-stop teleportation journey
  5031 | Temple   | XOM: god gift: coppery potion {god gift}
  5113 | Temple   | XOM is BORED!
  5227 | Temple   | Fell from the grace of Xom
  5227 | Temple   | Became a worshipper of Fedhas Madash
  5380 | D:2      | Reached skill level 1 in Shields
  5650 | D:1      | Reached * piety under Fedhas
  6956 | D:3      | Found a runed door.
  6980 | D:3      | XOM: mild Tmut miscast
  7058 | D:3      | XOM: noise
  7171 | D:3      | Reached ** piety under Fedhas
  7182 | D:3      | XOM: confusion (+ monsters)
  7374 | D:3      | XOM: mild Air miscast
  7477 | D:3      | Noticed Crazy Yiuf
  7484 | D:3      | Killed Crazy Yiuf
  7484 | D:3      | Reached XP level 7. HP: 42/45 MP: 9/9
  7569 | D:4      | Got a smoking hunting sling
  7570 | D:4      | Identified the +6 hunting sling of the Solstice {freeze, Str+6 Stlth+} (You found it on level 4 of the Dungeon)
  7571 | D:4      | nice, 6 sling freezing
  7905 | D:4      | XOM: medium Necr miscast
  7959 | D:4      | Found an iron altar of Okawaru.
  8065 | D:4      | XOM: chaos upgrade
  8234 | D:4      | Reached skill level 9 in Stealth
  8257 | D:4      | XOM: medium Air miscast
  8261 | D:4      | Succumbed to poison (poison gas)

Vault maps used:
D:1:      dpeg_arrival_concentric_ovals
D:2:      gammafunk_temple_overflow_forgotten, fiery_altar_vehumet,
          kennysheep_generic_room_3
D:3:      nicolae_ru_sacrificial_ziggurat, uniq_crazy_yiuf_cottage
D:4:      corexii_shantytown, okawaru_gym_becter, serial_shops, shop,
          minivault_25
D:5:      lemuel_blue_sif_altar, serial_shops, kennysheep_mini_moat,
          first_bread, nemelex_lonely_heart_becter
Temple:   cyrus_circular_temple

Skill      XL: |  1  2  3  4  5  6  7 |
---------------+----------------------+-----
Stealth        | 2 4 5 7 8 9 |  9.0
Shields        | 1 2 |  2.4
Fighting       | 2 |  2.4
Dodging        | 3 |  3.4
Short Blades   | |  1.0
Evocations     | |  3.2

Action                   |  1- 3 |  4- 6 |  7- 9 || total
-------------------------+-------+-------+-------++-------
Melee: Short sword       |    61 |     3 |       ||    64
       Constrict         |    16 |    30 |     1 ||    47
       Tentacles         |    10 |    26 |       ||    36
       Trident           |     7 |   128 |     2 ||   137
 Fire: Hunting sling     |       |       |    80 ||    80
Invok: Fungal Bloom      |       |    19 |    13 ||    32
       Evolution         |       |       |     1 ||     1
Evoke: Wand              |     9 |     4 |       ||    13
  Use: Scroll            |       |     6 |     8 ||    14
       Potion            |       |     1 |     1 ||     2
 Stab: Sleeping          |     9 |    16 |       ||    25
  Eat: Chunk             |       |     4 |     2 ||     6
       Bread ration      |       |     2 |       ||     2
       Meat ration       |       |     1 |       ||     1
       Royal jelly       |       |     1 |       ||     1
Armor: Skin              |     9 |     8 |     2 ||    19
Dodge: Dodged            |    38 |    63 |    17 ||   118
Block: Buckler           |     7 |     8 |       ||    15
       Shield            |       |       |    17 ||    17
